 Dungeon Crawl Stone Soup version 0.23.2-40-g277498a001 (webtiles) character file.

Game seed: 8788294460845352172

1365 Ivernyr the Bolt Thrower (level 8, -1/73 HPs)
             Began as a Deep Dwarf Hunter on Oct 4, 2019.
             Slain by a bog mummy (14 damage)
             ... in an ossuary.
             The game lasted 00:20:59 (3870 turns).

Ivernyr the Bolt Thrower (Deep Dwarf Hunter)        Turns: 3870, Time: 00:21:00

Health: -1/73      AC: 14    Str: 17    XL:     8   Next: 38%
Magic:  4/4        EV: 15    Int: 11    God:
Gold:   167        SH:  0    Dex: 15    Spells: 7/7 levels left

rFire    . . .     SeeInvis .   b - +0 short sword (protect)
rCold    . . .     Gourm    .   (no shield)
rNeg     . . .     Faith    .   c - +0 leather armour
rPois    .         Spirit   .   (no helmet)
rElec    .         Reflect  .   (no cloak)
rCorr    .         Harm     .   e - +0 pair of gloves
MR       +....                  (no boots)
Stlth    ++........             (no amulet)
HPRegen  0.00/turn              w - +3 ring of protection
MPRegen  0.09/turn              (no ring)

@: protection aura, non-regenerating, slowed, very slow
A: damage resistance, heal wounds, sense surroundings 1, no regeneration
a: Heal Wounds


You were in an ossuary.
You were not hungry.

You visited 1 branch of the dungeon, and saw 5 of its levels.
You also visited: Ossuary.

You collected 167 gold pieces.

Inventory:

Hand Weapons
 a - a +1 hand crossbow
 b - a +0 short sword of protection (weapon)
Missiles
 d - 77 bolts
Armour
 c - a +0 leather armour (worn)
 e - a +0 pair of gloves (worn)
Jewellery
 w - a +3 ring of protection (left hand)
Wands
 k - a wand of enslavement (8)
 m - a wand of random effects (23)
 C - a wand of acid (5)
Scrolls
 g - a scroll of fog {unknown}
 p - 4 scrolls of identify {unknown}
 q - 3 scrolls of enchant armour {unknown}
 s - a scroll of amnesia {unknown}
 t - 3 scrolls of magic mapping {unknown}
 u - a scroll of teleportation {unknown}
 x - a scroll of random uselessness {unknown}
 y - a scroll of remove curse {unknown}
 B - a scroll of immolation {unknown}
Potions
 h - a potion of agility
 i - a potion of might {unknown}
 j - a potion of resistance {unknown}
 l - 2 potions of flight {unknown}
 n - 2 potions of cancellation {unknown}
 o - 2 potions of invisibility {unknown}
 r - a potion of heal wounds {unknown}
 v - a potion of brilliance {unknown}
 z - a potion of mutation {unknown}
 A - 2 potions of curing {unknown}
 D - a potion of degeneration {unknown}
Comestibles
 f - 10 rations


   Skills:
 + Level 4.9 Fighting
 + Level 7.4 Crossbows
 + Level 5.2 Armour
 + Level 5.9 Dodging
 - Level 1.2 Stealth


You had 7 spell levels left.
You didn't know any spells.
Your spell library contained the following spells:

 Spells                   Type           Power        Failure   Level  Hunger
 Confusing Touch          Hex            #.....       38%         1    ##.....
 Confuse                  Hex            #.......     77%         3    ####...
 Gell's Gravitas          Tloc           #.........   77%         3    ####...
 Petrify                  Tmut/Erth      #.......     99%         4    #####..
 Metabolic Englaciation   Hex/Ice        #.........   100%        5    ######.
 Yara's Violent Unravell  Hex/Tmut       #.........   100%        5    ######.


Dungeon Overview and Level Annotations

Branches:
Dungeon (5/15)             Temple (0/1) D:4

Altars:
The Shining One


Innate Abilities, Weirdness & Mutations

You are resistant to damage.
You can heal yourself by infusing magical energy.
You passively map a small area around you.
You do not regenerate.


Message History

The bog mummy is severely damaged.
The bog mummy barely misses you.
You barely miss the bog mummy.
The bog mummy is severely damaged.
The bog mummy hits you.
You hit the bog mummy.
The bog mummy is severely damaged.
The bog mummy closely misses you.
You barely miss the bog mummy.
The bog mummy is severely damaged.
The bog mummy hits you but does no damage.
You hit the bog mummy.
The bog mummy is almost destroyed.
The bog mummy points at you and mumbles some strange words.
The puff of frost hits you!
* * * LOW HITPOINT WARNING * * *
You hit the bog mummy but do no damage.
The bog mummy is almost destroyed.
The bog mummy hits you!
You die...

* #∩..#.'.# **
#.#####.### ,'.'
#.'.'.# *
#.#####.### ,
#.#...#.'.#
#.#...'.### , ,,
#.#...#.'.#
#.#####.#####.###
+........ZM@..'.#
*#+#+#+#'#'#'#'###
,#.#.#.#.# *
#########


You could see a bog mummy and a water moccasin zombie.

Vanquished Creatures
  A phantom (D:4)
  A hornet zombie (Ossuary)
  An ogre (D:4)
  A scorpion (D:5)
  2 bullfrog zombies (Ossuary)
  A centaur zombie (Ossuary)
  2 jellies (D:5)
  A hound (D:4)
  A gnoll shaman (D:2)
  A centaur skeleton (D:4)
  4 orc priests
  3 orc wizards
  A bullfrog skeleton (D:5)
  An iguana (D:4)
  5 worker ants
  2 hound zombies (Ossuary)
  8 mummies (Ossuary)
  3 worker ant zombies (Ossuary)
  8 gnolls
  A howler monkey zombie (Ossuary)
  7 adders
  A shadow imp (D:5)
  An ooze (D:3)
  An adder zombie (Ossuary)
  3 dart slugs
  6 leopard geckos
  9 orcs
  8 giant cockroaches
  3 hobgoblins
  9 jackals
  A ball python zombie (Ossuary)
  12 bats
  6 frilled lizards
  8 goblins
  A jackal skeleton (D:4)
  13 kobolds
  A leopard gecko skeleton (D:4)
  2 quokka zombies
  8 rats
148 creatures vanquished.

Notes
Turn   | Place    | Note
-------+----------+-------------------------------------------
     0 | D:1      | Ivernyr the Deep Dwarf Hunter began the quest for the Orb.
     0 | D:1      | Reached XP level 1. HP: 19/19 MP: 1/1
   253 | D:1      | Reached XP level 2. HP: 20/26 MP: 2/2
   592 | D:1      | Found a glowing golden altar of the Shining One.
   917 | D:2      | Reached XP level 3. HP: 21/32 MP: 3/3
  1094 | D:2      | Reached skill level 5 in Crossbows
  1403 | D:2      | Reached skill level 1 in Armour
  1416 | D:2      | Reached XP level 4. HP: 24/40 MP: 4/4
  1700 | D:3      | Reached XP level 5. HP: 27/48 MP: 5/5
  2052 | D:3      | Reached XP level 6. HP: 43/56 MP: 4/4
  2647 | D:4      | Reached skill level 6 in Crossbows
  2884 | D:4      | Reached XP level 7. HP: 58/63 MP: 3/3
  2933 | D:4      | Found a staircase to the Ecumenical Temple.
  3169 | D:4      | Reached skill level 5 in Dodging
  3264 | D:5      | Entered Level 5 of the Dungeon
  3580 | D:5      | Reached XP level 8. HP: 51/73 MP: 4/4
  3633 | D:5      | Found a sand-covered staircase.
  3662 | Ossuary  | Entered an ossuary
  3692 | Ossuary  | Reached skill level 7 in Crossbows
  3744 | Ossuary  | Reached skill level 5 in Armour
  3870 | Ossuary  | Slain by a bog mummy

Skill      XL: |  1  2  3  4  5  6  7  8 |
---------------+-------------------------+-----
Fighting       | 2 3 4 |  4.9
Crossbows      | 5 6 7 |  7.4
Armour         | 1 2 3 4 5 |  5.2
Dodging        | 3 4 5 |  5.9
Stealth        | |  1.2

Action                   |  1- 3 |  4- 6 |  7- 9 || total
-------------------------+-------+-------+-------++-------
Melee: Short sword       |   155 |   194 |   130 ||   479
       Hand crossbow     |       |       |     3 ||     3
 Fire: Hand crossbow     |    10 |    59 |   184 ||   253
 Abil: Heal Wounds       |     2 |     9 |     6 ||    17
 Stab: Sleeping          |     2 |     2 |       ||     4
  Eat: Chunk             |     1 |     6 |     3 ||    10
Armor: Leather armour    |    45 |    93 |   123 ||   261
Dodge: Dodged            |    93 |   191 |   277 ||   561
